 Dungeon Crawl Stone Soup version 0.30-a0-465-g8901f6c8b5 (webtiles) character file.

Game seed: 13158640367175180659

5 drugrobin the Sneak (level 1, 0/18 HPs)
             Began as a Demigod Delver on Dec 18, 2022.
             Slain by an adder (3 damage)
             ... on level 4 of the Dungeon.
             The game lasted 00:01:47 (267 turns).

drugrobin the Sneak (Demigod Delver)                 Turns: 267, Time: 00:01:48

Health: 0/18       AC:  3    Str: 13    XL:     1   Next: 53%
Magic:  0/3        EV: 11    Int: 12    God:
Gold:   12         SH:  0    Dex: 15    Spells: 0/0 levels left

rFire   . . .      SeeInvis .      - Unarmed
rCold   . . .      Faith    .    (no shield)
rNeg    . . .      Spirit   .    a - +0 leather armour
rPois   .          Reflect  .    (no helmet)
rElec   .          Harm     .    (no cloak)
rCorr   .          Rampage  .    (no gloves)
Will    .....                    (no boots)
Stlth   +++.......               (no amulet)
HPRegen 0.23/turn                (no ring)
MPRegen 0.08/turn                (no ring)

@: no status effects
A: high MP 1, forlorn, divine attributes
a: no special abilities


You were on level 4 of the Dungeon.
You visited 1 branch of the dungeon, and saw 2 of its levels.

You collected 12 gold pieces.

Inventory:

Missiles
 j - a throwing net (quivered)
Armour
 a - a +0 leather armour (worn)
 i - a +0 scale mail
Wands
 f - a wand of digging (3)
Scrolls
 b - a scroll of fog
 c - a scroll of magic mapping
 d - a scroll of fear
 g - a scroll of blinking {unknown}
 h - a scroll of immolation {unknown}
Potions
 e - 3 potions of haste


   Skills:
 - Level 2.6 Fighting
 - Level 1.7 Dodging
 - Level 4.5 Stealth
 + Level 2.2 Unarmed Combat


You couldn't memorise any spells.
You didn't know any spells.
Your spell library was empty.

Dungeon Overview and Level Annotations

Branches:
Dungeon (5/15)
 Temple: D:4-7


Innate Abilities, Weirdness & Mutations

You have an increased reservoir of magic. (+10% MP)
You shall have no god before yourself.
Your divine heritage dramatically boosts your attributes as you level up.


Message History

Unknown command.
You start resting.
HP restored.
Unknown command.
Unknown command.
Unknown command.
Unknown command.
A gnoll comes into view. It is wielding a +0 antimagic halberd.
The gnoll shouts!
You hear a shout!
The gnoll throws a throwing net.
The throwing net closely misses you.
You see here a throwing net.
j - a throwing net An endoplasm comes into view.
Unknown command.
The endoplasm quivers.
The endoplasm attacks as you move away! The endoplasm closely misses you.
The endoplasm attacks as you move away!
The endoplasm hits you but does no damage.
You hit the endoplasm but do no damage.
The endoplasm hits you but does no damage.
You hit the endoplasm.
The endoplasm is lightly wounded.
The endoplasm barely misses you.
You hit the endoplasm.
The endoplasm is almost dead.
The endoplasm freezes you.
You are frozen.
You barely miss the endoplasm.
The endoplasm is almost dead.
An adder comes into view.
Unknown command.
The adder hisses angrily.
You hit the endoplasm.
You kill the endoplasm!
The gnoll hits you from afar with a +0 antimagic halberd!
Ouch! That really hurt!
* * * LOW HITPOINT WARNING * * *
You feel your power leaking away. The adder bites you.
You die...

... +. .. #.. ..#.# .# .
### .#.# #####.##. #$..
... ....... #.... #.#
####S##.## #
#....##.####..@.....#.#
............g###.#..#.####
##.....##................
#####.##.#####.......#
#.##.# #####.##...# #.##.#
#.....# # #g##.# #g######
#########.##g# #......#
..........##.# #..###.#


You could see a gnoll and an adder.

Vanquished Creatures
  2 orcs
  An endoplasm (D:4)
  A goblin (D:4)
4 creatures vanquished.

Notes
Turn   | Place    | Note
-------+----------+-------------------------------------------
     0 | D:5      | drugrobin the Demigod Delver began the quest for the Orb.
     0 | D:5      | Reached XP level 1. HP: 18/18 MP: 3/3
    61 | D:5      | Noticed a black bear
   267 | D:4      | Slain by an adder

Illustrated notes

Levels and vault maps discovered:
D:4:      layout_basic, uniq_sigmund
D:5:      layout_basic, uniq_pikel

Skill      XL: |  1 |
---------------+----+-----
Unarmed Combat | 2 |  2.2
Fighting       | |  2.6
Dodging        | |  1.7
Stealth        | |  4.5

Action                   || total
-------------------------++-------
Melee: Unarmed           ||    29
       Punch             ||     1
  Use: Scroll            ||     1
 Stab: Sleeping          ||     1
Armor: Leather armour    ||     4
Dodge: Dodged            ||    13

Table legend: (Time is in decaauts)
 A = Elapsed time spent in this place.
 B = Non-inter-level travel time spent in this place.
 C = Inter-level travel time spent in this place.
 D = Time resting spent in this place.
 E = Time spent auto-exploring this place.
 F = Levels seen in this place.
 G = Mean time per level.
                   A        B        C        D        E       F      G
               +--------+--------+--------+--------+--------+-----+--------+
         Total |    265 |    265 |      0 |     40 |     25 |   2 |  132.5 |
       Dungeon |    265 |    265 |      0 |     40 |     25 |   2 |  132.5 |
               +--------+--------+--------+--------+--------+-----+--------+

Top non-repeatable levels by time:
     D:4: 187 daAuts
     D:5: 78 daAuts
